 Dungeon Crawl Stone Soup version 0.31-a0-188-g5e087ee2ca (webtiles) character file.

Game seed: 12445373784430914122

233 qw the Skirmisher (level 5, -2/30 HPs)
             Began as a Deep Elf Hunter on June 23, 2023.
             Was an Initiate of Okawaru.
             Slain by a lemure (5 damage)
             ... led by Pikel
             ... on level 4 of the Dungeon.
             The game lasted 00:01:11 (3191 turns).

qw the Skirmisher (Deep Elf Hunter)                 Turns: 3191, Time: 00:01:12

Health: -2/30      AC:  5    Str: 10    XL:     5   Next: 75%
Magic:  7/7        EV: 11    Int: 14    God:    Okawaru [......]
Gold:   260        SH:  0    Dex: 18    Spells: 4/4 levels left

rFire   . . .        Y - +0 shortbow
rCold   . . .        (shield currently unavailable)
rNeg    . . .        j - +0 ring mail
rPois   .            (no helmet)
rElec   .            (no cloak)
rCorr   .            (no gloves)
SInv    .            (no boots)
Will    .....        (no amulet)
Stlth   +            (no ring)
HPRegen 0.25/turn    (no ring)
MPRegen 0.10/turn

%: no passive effects
@: no status effects
A: no striking features
a: Renounce Religion


You were on level 4 of the Dungeon.
You worshipped Okawaru.
Okawaru was noncommittal.
You visited 2 branches of the dungeon, and saw 5 of its levels.

You collected 260 gold pieces.


   Skills:
 - Level 2.1 Fighting
 + Level 9.1 Ranged Weapons
 - Level 2.4 Dodging
 - Level 1.2 Stealth


You had 4 spell levels left.
You didn't know any spells.
Your spell library was empty.

Inventory:

Hand Weapons
 Y - a +0 shortbow (weapon)
Armour
 i - a +0 cloak
 j - a +0 ring mail (worn)
Scrolls
 a - a scroll of identify
 b - a scroll of amnesia {unknown}
 f - a scroll of fog {unknown}
 g - a scroll of teleportation
 k - a scroll of enchant armour {unknown}
Potions
 c - a potion of enlightenment
 d - 3 potions of curing
 e - a potion of mutation {unknown}
 h - a potion of brilliance {unknown}
 l - a potion of resistance {unknown}

Dungeon Overview and Level Annotations

Branches:
Dungeon (4/15)             Temple (1/1) D:4

Altars:
Ashenzari
Dithmenos
Elyvilon
Fedhas
Gozag
Hepliaklqana
Kikubaaqudgha
Makhleb
Nemelex Xobeh
Okawaru
Qazlal
Ru
Trog
Uskayaw
Wu Jian
Xom
Zin
The Shining One

Annotations:
D:4 Pikel, Sigmund


Message History

You shoot an arrow. The arrow hits Sigmund.
Sigmund is lightly wounded.
Sigmund barely misses you.
You shoot an arrow. The arrow barely misses Sigmund.
The arrow hits Pikel but does no damage.
You shoot an arrow. The arrow barely misses Sigmund.
The arrow hits Pikel but does no damage.
Sigmund completely misses you. The lemure misses you.
You shoot an arrow.
The arrow hits Sigmund but does no damage.
Sigmund is lightly wounded.
Sigmund hits you but does no damage.
You shoot an arrow. The arrow closely misses Sigmund.
The arrow closely misses the lemure.
The lemure completely misses you. The lemure hits you.
You shoot an arrow. The arrow barely misses Sigmund.
The arrow hits the lemure but does no damage.
The lemure is moderately wounded.
Sigmund barely misses you. The lemure closely misses you.
The lemure hits you but does no damage.
You shoot an arrow. The arrow barely misses Sigmund.
The lemure closely misses you.
Sigmund points at you and mumbles some strange words.
You resist with some effort.
You shoot an arrow. The arrow hits Sigmund!
Sigmund is heavily wounded.
The lemure hits you.
You shoot an arrow. The arrow hits Pikel!
Pikel is moderately wounded.
Pikel hits you with a +2 whip of flaming.
Pikel burns you. The lemure closely misses you.
Sigmund hits you from afar with a +0 scythe.
You shoot an arrow. The arrow barely misses Pikel.
The arrow hits the lemure but does no damage.
Pikel closely misses you. The lemure barely misses you. The lemure hits you.
You shoot an arrow. The arrow barely misses Pikel.
The arrow hits the lemure.
The lemure is lightly wounded.
Sigmund hits you from afar with a +0 scythe!
The lemure hits you.
You die...

##.. ##...>..#.#..........)##.#..
...##.##......................##.
..##...##......^...8.8.8......###
.##..#..+#..#...............#....
# ..#.#..##..........8.....###..#
# .#._.#. ###..........##.... ###
##..#.#..##....#.#.....##.....#
.##..#..##.....#5##.....##....#
..## ##.......@K5..... #...##
...## ##...######5@##... ....#
....###....## 5.... ...#
..#..#......#####.......
..#..#.....##...........
................#.......
#..#...........# .......
...#..##.....###.......#
.<...#.#..#.......##


You could see Pikel, 4 lemures and Sigmund.

Vanquished Creatures
  A jelly (D:3)
  Jessica (D:2)
  Terence (D:2)
  7 adders
  3 dart slugs
  An orc (D:2)
  9 endoplasms
  A giant cockroach (D:3)
  6 goblins
  12 hobgoblins
  A jackal (D:3)
  7 kobolds
  4 quokkas
  12 ball pythons
  8 bats
  3 frilled lizards
  3 rats
80 creatures vanquished.

Notes
Turn   | Place    | Note
-------+----------+-------------------------------------------
     0 | D:1      | qw the Deep Elf Hunter began the quest for the Orb.
     0 | D:1      | Reached XP level 1. HP: 12/12 MP: 3/3
     0 | D:1      | 0 ||| qw: Version: 0.3-a-9-g12657ce
     0 | D:1      | 0 ||| qw: Game counter: 3341
     0 | D:1      | 0 ||| qw: Always use a shield: true
     0 | D:1      | 0 ||| qw: God list: Okawaru
     0 | D:1      | 0 ||| qw: Allow faded altars: false
     0 | D:1      | 0 ||| qw: Do Orc after D:15 true
     0 | D:1      | 0 ||| qw: Do second Lair branch before Depths: true
     0 | D:1      | 0 ||| qw: Lair rune preference: random
     0 | D:1      | 0 ||| qw: Plans: Normal
     0 | D:1      | 0 ||| PLANNING D:1-11
    54 | D:1      | 54 ||| DROPPING scroll of butterflies.
   106 | D:1      | Reached skill level 6 in Ranged Weapons
   106 | D:1      | Reached XP level 2. HP: 16/16 MP: 4/4
   949 | D:1      | 949 ||| UPGRADING to +0 ring mail.
   959 | D:1      | 959 ||| DROPPING +0 leather armour.
   960 | D:1      | 960 ||| READING scroll labelled DAIKIA YTSI.
   964 | D:1      | 964 ||| READING scroll labelled GOW IKIMPUATT.
   965 | D:1      | 965 ||| READING scroll labelled WOPPOU TIFO OPHAPN.
   966 | D:1      | 966 ||| READING 2 scrolls labelled VUNTAH CUPNOSY.
   967 | D:1      | 967 ||| DROPPING scroll of immolation.
  1010 | D:2      | Reached XP level 3. HP: 20/20 MP: 5/5
  1254 | D:2      | Noticed Terence
  1264 | D:2      | Reached skill level 7 in Ranged Weapons
  1265 | D:2      | HP: 5/20 [Terence/+0 trident (3)]
  1270 | D:2      | Killed Terence
  1271 | D:2      | Reached XP level 4. HP: 7/25 MP: 6/6
  1553 | D:2      | Noticed Jessica
  1571 | D:2      | Killed Jessica
  1572 | D:2      | Reached skill level 8 in Ranged Weapons
  1708 | D:2      | 1708 ||| READING scroll labelled ITSUESHR MOMIOCA.
  1709 | D:2      | 1709 ||| DRINKING 2 fuming cyan potions.
  1710 | D:2      | 1710 ||| DRINKING 4 lumpy white potions.
  1878 | D:3      | Found a shimmering altar of Xom.
  2092 | D:3      | Reached XP level 5. HP: 25/29 MP: 7/7
  2275 | D:3      | 2275 ||| FLEEEEING.
  2539 | D:3      | 2539 ||| READING scroll labelled JASOSKOEMA.
  2590 | D:3      | 2590 ||| READING 2 scrolls of identify.
  2590 | D:3      | 2590 ||| IDENTIFYING fuming green potion
  2655 | D:4      | Reached skill level 9 in Ranged Weapons
  2685 | D:4      | Found an opulent altar of Gozag.
  2697 | D:4      | Found a glowing golden altar of the Shining One.
  2713 | D:4      | Found a staircase to the Ecumenical Temple.
  2714 | D:4      | 2714 ||| PLANNING TEMPLE
  2722 | Temple   | Entered the Ecumenical Temple
  2724 | Temple   | 2724 ||| PLANNING OKAWARU WORSHIP
  2846 | Temple   | Became a worshipper of Warmaster Okawaru
  2847 | Temple   | 2847 ||| PLANNING D:1-11
  2921 | D:4      | Found a blossoming altar of Fedhas.
  2951 | D:4      | Noticed Pikel
  2951 | D:4      | Noticed a lemure
  2951 | D:4      | Noticed a lemure
  2951 | D:4      | Noticed a lemure
  2951 | D:4      | Noticed a lemure
  2956 | D:4      | HP: 4/30 [Pikel/+2 whip of flaming (5)]
  2956 | D:4      | HP: 1/30 [lemure[Pikel] (1)]
  2957 | D:4      | 2957 ||| READING 2 scrolls of teleportation.
  2958 | D:4      | 2958 ||| DRINKING potion of heal wounds.
  3035 | D:4      | Found a stormy altar of Qazlal.
  3176 | D:4      | Noticed Sigmund
  3177 | D:4      | 3177 ||| Stepping ~*~*~tactically~*~*~ (outnumbered).
  3191 | D:4      | HP: 3/30 [Sigmund/+0 scythe (7)]
  3191 | D:4      | Slain by a lemure

Levels and vault maps discovered:
D:1:      minmay_arrival_doors, layout_basic, serial_bayou_pond_b, st_stairs_8
D:2:      layout_loops_ring, kennysheep_jessica_study, uniq_jessica,
          uniq_terence
D:3:      minmay_chambers_of_threes, layout_basic, lemuel_crystal_altar,
          minmay_ruptured
D:4:      layout_cave_pools, nicolae_gozag_seed_capital,
          mainiacjoe_overflow_24_doors, old_standard_altar, tso_metal_star,
          minmay_temple_entry_mist, serial_column_ruins, column_ruins_hut,
          column_ruins_hut, column_ruins_corridor_T,
          column_ruins_corridor_corner, column_ruins_columns_T,
          column_ruins_columns_plus, uniq_sigmund, uniq_pikel
Temple:   dshaligram_water_room_temple

Skill      XL: |  1  2  3  4  5 |
---------------+----------------+-----
Ranged Weapons | 6 7 8 9 |  9.1
Fighting       | 2 |  2.1
Dodging        | |  2.4
Stealth        | |  1.2

Action                     |  1- 3 |  4- 6 || total
---------------------------+-------+-------++-------
   Fire: Shortbow          |    91 |   150 ||   241
    Use: Scroll            |     4 |     4 ||     8
         Potion            |       |     3 ||     3
 Armour: Leather armour    |     3 |       ||     3
         Ring mail         |     6 |    21 ||    27
  Dodge: Dodged            |    22 |    54 ||    76

Table legend:
 A = Non-vault XP
 B = Vault XP
 C = Vault XP percentage of total XP
 D = Non-vault monster count
 E = Vault monster count
 F = Vault count percentage of total count
                 A         B        C        D         E       F
            +---------+---------+-------+---------+---------+-------
      Total |     166 |     168 |  50.3 |      53 |      27 |  33.8
            +---------+---------+-------+---------+---------+-------
        D:1 |      21 |      10 |  32.3 |      11 |       6 |  35.3
        D:2 |      58 |      75 |  56.4 |      20 |       3 |  13.0
        D:3 |      29 |      81 |  73.6 |      15 |      17 |  53.1
        D:4 |      58 |       2 |   3.3 |       7 |       1 |  12.5
            +---------+---------+-------+---------+---------+-------
